cohdb
Replays
Latest Replays
All Replays
Popular Replays
Top Player Replays
Match Explorer
How It Works
Community
CoH3 Stats
Reddit
Sign in to upload your games and track your stats! →
Sign in with Steam
Match 43404901
Unlisted
Match 43404901
Overview
Messages
Build Orders
End
Construct Infanterie Kompanie
Selects Mechanized Battlegroup
Grenadier Squad
MG 42 Machine Gun Team
GrW 34 Mortar Team
Grenadier Squad
Construct Luftwaffe Kompanie
MG 42 Machine Gun Team
221 Scout Car
Selects Spotting Scopes
MG 42 Bunker
Jäger Squad
Jäger Squad
Infanterie Officer Quarters
Selects Wespe Self-propelled Artillery
Wespe Self-propelled Artillery
Medical Bunker
Construct Panzer Kompanie
Wespe Self-propelled Artillery
Panzer IV Medium Tank
Wespe Self-propelled Artillery
Selects Zeroing Artillery Barrage
Zeroing Artillery Barrage
Side Skirts
Panzer Officer Quarters
Selects Raid Package
Panzer IV Medium Tank
Selects StuG Assault Group
Jäger Squad
ttheadventure
123456pilatos
SI-LAY-COW
Policy
Bigcolt
DreamyCreamy
0
0
Comments
sign in to comment!
No comments posted yet!